 Dungeon Crawl Stone Soup version 0.32-a0-329-ge6c31236d6 (webtiles) character file.

Game seed: 4161845660457252062

34 pokeman the Magician (level 3, 0/20 HPs)
             Began as a Deep Elf Hedge Wizard on Feb 16, 2024.
             Succumbed to an adder's poison
             ... on level 2 of the Dungeon.
             The game lasted 00:01:41 (945 turns).

pokeman the Magician (Deep Elf Hedge Wizard)         Turns: 945, Time: 00:01:41

Health: 0/20       AC:  2    Str:  7    XL:     3   Next: 14%
Magic:  3/11       EV: 12    Int: 20    God:
Gold:   29         SH:  0    Dex: 14    Spells: 4/12 levels left

rFire   . . .        a - +0 dagger
rCold   . . .        (no shield)
rNeg    . . .        b - +0 robe
rPois   .            c - +0 hat
rElec   .            (no cloak)
rCorr   .            (no gloves)
SInv    .            (no boots)
Will    .....        (no amulet)
Stlth   ++           (no ring)
HPRegen 0.23/turn    (no ring)
MPRegen 0.12/turn

%: no passive effects
@: lethally poisoned (0 -> -11), very slightly contaminated
A: no striking features
a: no special abilities


You were on level 2 of the Dungeon.
You visited 1 branch of the dungeon, and saw 2 of its levels.

You collected 29 gold pieces.

Inventory:

Hand Weapons
 a - a +0 dagger (weapon)
Armour
 b - a +0 robe (worn)
 c - a +0 hat (worn)
Magical Staves
 e - a staff of fire
Scrolls
 g - 2 scrolls of blinking {unknown}
Potions
 d - a potion of magic
 f - a potion of heal wounds {unknown}


   Skills:
 + Level 0.8 Fighting
 + Level 0.8 Armour
 - Level 2.4 Dodging
 - Level 2.4 Stealth
 * Level 5.1 Spellcasting
 + Level 1.7 Conjurations
 - Level 1.1 Summonings
 - Level 1.1 Translocations


You had 4 spell levels left.
You knew the following spells:

 Your Spells              Type           Power      Damage    Failure   Level
a - Magic Dart            Conj           48%        1d5       5%          1
b - Mephitic Cloud        Conj/Alch/Air  7%         N/A       26%         3
c - Call Imp              Summ           18%        N/A       11%         2
d - Blink                 Tloc           18%        N/A       11%         2

Your spell library contained the following spells:

 Spells                   Type           Power      Damage    Failure   Level
 Slow                     Hex            20%        N/A       12%         1
 Cigotuvi's Dreadful Rot  Necr/Alch/Air  10%        N/A       17%         2


Dungeon Overview and Level Annotations

Branches:
Dungeon (2/15)

Altars:


Message History

You are poisoned.
The adder poisons you!
You feel sick.
Your cerulean imp hits the adder from afar with a -4 spear.
You feel sick. The adder attacks as it pursues you!
The adder barely misses you.
Your cerulean imp hits the adder with a -4 spear.
Casting: Call Imp (safe; 11% risk of failure)
Confirm with . or Enter, or press ? or * to list all spells.
Aiming: Magic Dart (safe; 5% risk of failure)
Press: ? - help, Shift-Dir - straight line, f - adder
Aim: an adder (moderately wounded, ally target, 100% to hit)
The magic dart hits the adder.
The adder is heavily wounded.
The goblin shouts!
You feel sick. The adder bites you.
You are more poisoned.
The adder poisons you!
Your cerulean imp barely misses the adder.
The adder bites you.
You are more poisoned.
The adder poisons you!
Unknown command.
Casting: Magic Dart (safe; 5% risk of failure)
Confirm with . or Enter, or press ? or * to list all spells.
Aiming: Magic Dart (safe; 5% risk of failure)
Press: ? - help, Shift-Dir - straight line, f/p - adder
Aim: an adder (heavily wounded, ally target, 100% to hit)
Okay, then.
Unknown command.
Casting: Magic Dart (safe; 5% risk of failure)
Confirm with . or Enter, or press ? or * to list all spells.
Aiming: Mephitic Cloud (extremely dangerous; 26% risk of failure)
Press: ? - help, Shift-Dir - straight line, f/p - adder
Aim: an adder (heavily wounded, ally target, chance to affect: 91%)
You miscast Mephitic Cloud.
You are very lightly contaminated with residual magic.
You feel a sudden electric shock.
* * * LOW HITPOINT WARNING * * *
You die...

#..# #..# ##..###
## ..... ...
#..###....
########........#
.......<....#(#.
.########.#.# #
#@#.#.#
##S#.#.#.#
###rr5.....#
#......##.##
#.#....#
###g##.#.w.#
#....<.#.#...#
#.#.####.##.##
.....g .# .#


You could see a ribbon worm, an adder (ally target), a quokka, a goblin, a rat
and a friendly cerulean imp (summoned).

Vanquished Creatures
  2 ball pythons (D:1)
  4 endoplasms (D:1)
  A giant cockroach (D:1)
  A goblin (D:1)
  A quokka (D:1)
  3 bats (D:1)
  3 kobolds (D:1)
  2 rats (D:1)
17 creatures vanquished.

Vanquished Creatures (collateral kills)
  A ribbon worm (D:2)
1 creature vanquished.

Grand Total: 18 creatures vanquished

Notes
Turn   | Place    | Note
-------+----------+-------------------------------------------
     0 | D:1      | pokeman the Deep Elf Hedge Wizard began the quest for the
                  | Orb.
     0 | D:1      | Reached XP level 1. HP: 10/10 MP: 7/7
   176 | D:1      | Reached XP level 2. HP: 16/16 MP: 6/9
   416 | D:1      | Reached skill level 5 in Spellcasting
   669 | D:1      | Reached XP level 3. HP: 20/20 MP: 7/11
   673 | D:1      | Learned a level 3 spell: Mephitic Cloud
   676 | D:1      | Learned a level 2 spell: Call Imp
   679 | D:1      | Learned a level 2 spell: Blink
   945 | D:2      | Succumbed to an adder's poison

Illustrated notes

Levels and vault maps discovered:
D:1:      dpeg_arrival_rooms_c, layout_rooms
D:2:      layout_loops_ring, basic_altar, minmay_misc_feat_tower,
          minmay_liquid_box, uniq_crazy_yiuf_cottage

Skill      XL: |  1  2 |
---------------+-------+-----
Spellcasting   | 5 |  5.1
Fighting       | |  0.8
Armour         | |  0.8
Dodging        | |  2.4
Stealth        | |  2.4
Conjurations   | |  1.7
Summonings     | |  1.1
Translocations | |  1.1

Action                     || total
---------------------------++-------
  Melee: Dagger            ||     5
   Cast: Magic Dart        ||    50
         Mephitic Cloud    ||     1
         Call Imp          ||     1
 Armour: Robe              ||    11
  Dodge: Dodged            ||     5

Table legend: (Time is in decaauts)
 A = Elapsed time spent in this place.
 B = Non-inter-level travel time spent in this place.
 C = Inter-level travel time spent in this place.
 D = Time resting spent in this place.
 E = Time spent auto-exploring this place.
 F = Levels seen in this place.
 G = Mean time per level.
                   A        B        C        D        E       F      G
               +--------+--------+--------+--------+--------+-----+--------+
         Total |    945 |    906 |     39 |     47 |    733 |   2 |  472.5 |
       Dungeon |    945 |    906 |     39 |     47 |    733 |   2 |  472.5 |
               +--------+--------+--------+--------+--------+-----+--------+

Top non-repeatable levels by time:
     D:1: 901 daAuts
     D:2: 43 daAuts
